 Dungeon Sprint DCSS version 0.30.1-4-g462c640d31 (webtiles) character file.

Game seed: 426721470185742633

5748 Heoruswealwe the Sorcerer (level 10, -9/50 HPs)
             Began as a Deep Elf Earth Elementalist on Aug 30, 2023.
             Was a Follower of Vehumet.
             Shot with an arrow by a centaur warrior (20 damage)
             ... in the Dungeon (Sprint I: "Red Sonja").
             The game lasted 00:11:12 (1744 turns).

Heoruswealwe the Sorcerer (DEEE)                    Turns: 1744, Time: 00:11:13

Health: -9/50      AC:  2    Str:  5    XL:     10   Next: 49%
Magic:  38/38      EV: 12    Int: 25    God:    Vehumet [*.....]
Gold:   716        SH:  0    Dex: 15    Spells: 43/53 levels left

rFire   . . .        a - +0 rapier
rCold   . . .        (no shield)
rNeg    . . .        c - +0 robe
rPois   .            (no helmet)
rElec   .            (no cloak)
rCorr   .            (no gloves)
SInv    .            (no boots)
Will    +....        (no amulet)
Stlth   ++           (no ring)
HPRegen 0.28/turn    (no ring)
MPRegen 0.26/turn

%: no teleportation
@: no status effects
A: no striking features
a: Renounce Religion


You were in the Dungeon.
You worshipped Vehumet.
Vehumet was aware of your devotion.
You visited 1 branch You collected 900 gold pieces.
You spent 148 gold pieces at shops.
You donated 36 gold pieces to Zin.

Inventory:

Hand Weapons
 a - a +0 rapier (weapon)
Armour
 c - a +0 robe (worn)
Jewellery
 i - a ring of fire
Wands
 e - a wand of iceblast (7)
 h - a wand of flame (16)
Scrolls
 g - 2 scrolls of identify {unknown}
Potions
 b - 3 potions of magic
 d - a potion of heal wounds
 f - 4 potions of curing
 j - 2 potions of invisibility {unknown}
 l - 2 potions of brilliance {unknown}


   Skills:
 - Level 2.4 Dodging
 - Level 2.4 Stealth
 + Level 22.4 Spellcasting
 - Level 1.1 Transmutations
 + Level 19.3 Earth Magic


You had 43 spell levels left.
You knew the following spells:

 Your Spells              Type           Power      Damage    Failure   Level
a - Sandblast             Erth           100%       2d20      0%          1
b - Stone Arrow           Conj/Erth      100%       3d13      1%          3
c - Petrify               Tmut/Erth      68%        N/A       1%          4
z - Passwall              Tmut/Erth      56%        N/A       1%          2

Your spell library contained the following spells:

 Spells                   Type           Power      Damage    Failure   Level
 Freeze                   Ice            100%       1d10      1%          1
 Cigotuvi's Dreadful Rot  Necr/Pois/Air  56%        N/A       1%          2
 Ignite Poison            Fire/Tmut/Pois 29%        N/A       3%          3
 Freezing Cloud           Conj/Ice/Air   14%        6-21      36%         5


Dungeon Overview and Level Annotations

Branches:
Dungeon (1/1)

Altars:
Cheibriados
Dithmenos
Elyvilon
Fedhas
Gozag
Hepliaklqana
Kikubaaqudgha
Makhleb
Nemelex Xobeh
Okawaru
Qazlal
Ru
Sif Muna
Trog
Uskayaw
Vehumet
Wu Jian
Xom
Yredelemnul
Zin
The Shining One
Jiyva
Lugonu

Shops:
D *[*[!![


Message History

Press: ? - help, Shift-Dir - straight line You can't see that place. [the floor.]
Okay, then.
Found a viscous dark potion and 7 stones.
Aiming: Iceblast
Press: ? - help, Shift-Dir - straight line You can't see that place. [the floor.]
Okay, then.
Aiming: Iceblast
Press: ? - help, Shift-Dir - straight line The mass of ice explodes!
The iceblast engulfs the centaur warrior!
The centaur warrior is moderately wounded.
The centaur warrior shouts!
The iceblast engulfs the centaur warrior!
The centaur warrior is moderately wounded.
The centaur warrior shouts!
Aiming: Iceblast
Press: ? - help, Shift-Dir - straight line, f - centaur warrior
Aim: a centaur warrior (purple smoke, moderately wounded)
The mass of ice explodes!
The iceblast engulfs the centaur warrior!
The centaur warrior is moderately wounded.
The centaur warrior wields a +0 shortbow.
The centaur warrior shoots an arrow.
The arrow hits you!!
The centaur warrior shoots an arrow.
The arrow hits you!!
* * * LOW HITPOINT WARNING * * *
Aiming: Iceblast
Press: ? - help, Shift-Dir - straight line, f/p - centaur warrior
Aim: a centaur warrior, wielding a +0 shortbow (purple smoke, moderately wounded)
The mass of ice explodes!
The iceblast engulfs the centaur warrior!!
The centaur warrior is severely wounded.
The iceblast engulfs the centaur warrior!
The centaur warrior is severely wounded.
The centaur warrior wields a +0 longbow.
The centaur warrior shoots an arrow.
The arrow hits you!!
You die...

##########################
#<.#..'..#..'..#__#..))..#
#..'[.#..').#..'..'..#...#
#..#####'#####'#__####...+
#..####..#...#.####!§#####
#..#__####..##(#§§~§§#
#).#_____##'#_.@§c§§.+
#⌠⌠#_.∩...'...§#§c§.c#
####_..__##_.#'##+####
#..#_____###'#.#[).)###
############)####'###.##
#∩........'.[.'.....'.∩#
###''''####...##########
#.......####.###
#........#.#'#.#


You could see 2 centaur warriors.

Vanquished Creatures
  Sonja (D)
  A deep troll (D)
  8 shining eyes (D)
  2 kobold demonologists (D)
  Sigmund (D)
  A slime creature (D)
  A yak (D)
  5 floating eyes (D)
  An ogre (D)
  A jelly (D)
  Ijyb (D)
  A ballistomycete spore (D)
24 creatures vanquished.

Vanquished Creatures (others)
  A ballistomycete spore (D)
1 creature vanquished.

Grand Total: 25 creatures vanquished

Notes
Turn   | Place    | Note
-------+----------+-------------------------------------------
     0 | D        | Heoruswealwe the Deep Elf Earth Elementalist began the
                  | quest for the Orb.
     0 | D        | Reached XP level 1. HP: 10/10 MP: 6/6
     1 | D        | Noticed Ijyb
    19 | D        | Killed Ijyb
    20 | D        | Reached skill level 6 in Spellcasting
    20 | D        | Reached skill level 5 in Earth Magic
    20 | D        | Reached XP level 2. HP: 5/15 MP: 7/11
    27 | D        | Learned a level 2 spell: Passwall
    85 | D        | Noticed an ogre
    94 | D        | Killed an ogre
    95 | D        | Reached skill level 9 in Spellcasting
    95 | D        | Reached XP level 3. HP: 19/19 MP: 8/15
    95 | D        | Reached XP level 4. HP: 24/24 MP: 9/17
    99 | D        | Learned a level 3 spell: Stone Arrow
   104 | D        | Learned a level 4 spell: Petrify
   567 | D        | Noticed Sigmund
   569 | D        | Killed Sigmund
   570 | D        | Reached skill level 11 in Spellcasting
   570 | D        | Reached skill level 10 in Earth Magic
   570 | D        | Reached XP level 5. HP: 28/28 MP: 12/21
   570 | D        | Reached XP level 6. HP: 32/32 MP: 12/22
   624 | D        | Found an ornate altar of the Wu Jian Council.
   624 | D        | Found a shimmering blue altar of Sif Muna.
   626 | D        | Found a radiant altar of Vehumet.
   629 | D        | Reached skill level 12 in Spellcasting
   655 | D        | Found Pidel's Antique Armour Emporium.
   655 | D        | Found an ancient bone altar of Kikubaaqudgha.
   655 | D        | Found a hazy altar of Hepliaklqana.
   655 | D        | Found a stormy altar of Qazlal.
   655 | D        | Found a hide-covered altar of Uskayaw.
   655 | D        | Found a blossoming altar of Fedhas.
   655 | D        | Found a bloodstained altar of Trog.
   655 | D        | Found an iron altar of Okawaru.
   655 | D        | Found a basalt altar of Yredelemnul.
   655 | D        | Found a glowing golden altar of the Shining One.
   655 | D        | Found a snail-covered altar of Cheibriados.
   655 | D        | Found a sacrificial altar of Ru.
   655 | D        | Found a glowing silver altar of Zin.
   655 | D        | Found a shadowy altar of Dithmenos.
   655 | D        | Found a white marble altar of Elyvilon.
   655 | D        | Noticed a yak
   665 | D        | Killed a yak
   666 | D        | Reached skill level 13 in Spellcasting
   668 | D        | Found an opulent altar of Gozag.
   669 | D        | Found a sparkling altar of Nemelex Xobeh.
   674 | D        | Became a worshipper of Zin the Law-Giver
   674 | D        | Reached * piety under Zin
   674 | D        | Reached ** piety under Zin
   674 | D        | Reached *** piety under Zin
   674 | D        | Reached **** piety under Zin
   674 | D        | Reached ***** piety under Zin
   674 | D        | Reached ****** piety under Zin
   698 | D        | Noticed Sonja
   702 | D        | Killed Sonja
   703 | D        | Reached skill level 15 in Spellcasting
   703 | D        | Reached XP level 7. HP: 36/36 MP: 11/28
   720 | D        | Found Dajyitamn's General Store.
   780 | D        | Noticed a shining eye
   780 | D        | Noticed a shining eye
   780 | D        | Noticed a shining eye
   782 | D        | Reached skill level 16 in Spellcasting
   782 | D        | Reached XP level 8. HP: 41/41 MP: 26/30
   783 | D        | Paralysed by a floating eye for 3 turns
   784 | D        | Noticed a shining eye
   784 | D        | Noticed a shining eye
   788 | D        | Killed a shining eye
   789 | D        | Reached skill level 17 in Spellcasting
   789 | D        | Reached skill level 15 in Earth Magic
   791 | D        | Killed a shining eye
   792 | D        | Reached skill level 18 in Spellcasting
   792 | D        | Reached XP level 9. HP: 45/45 MP: 7/33
   911 | D        | Killed a shining eye
   912 | D        | Reached skill level 19 in Spellcasting
   915 | D        | Killed a shining eye
  1015 | D        | Killed a shining eye
  1016 | D        | Reached skill level 20 in Spellcasting
  1101 | D        | Noticed a shining eye
  1102 | D        | Noticed a shining eye
  1102 | D        | Noticed a shining eye
  1110 | D        | Killed a shining eye
  1114 | D        | Killed a shining eye
  1115 | D        | Reached skill level 21 in Spellcasting
  1115 | D        | Reached XP level 10. HP: 50/50 MP: 4/37
  1134 | D        | Killed a shining eye
  1141 | D        | Found Soununi's Distillery.
  1141 | D        | Found Qanusmagg's Armour Shoppe.
  1141 | D        | Found Riugeir's Distillery.
  1141 | D        | Found Kevvaoz's Assorted Antiques.
  1148 | D        | Bought a marble ring for 95 gold pieces
  1148 | D        | Bought 2 coppery potions for 34 gold pieces
  1148 | D        | Bought a scroll labelled VEITITAUSY for 19 gold pieces
  1178 | D        | Fell from the grace of Zin
  1178 | D        | Became a worshipper of Vehumet
  1329 | D        | Noticed a deep troll
  1345 | D        | Killed a deep troll
  1500 | D        | Found Juasa's Armour Emporium.
  1538 | D        | Found a burning altar of Makhleb.
  1538 | D        | Found a viscous altar of Jiyva.
  1538 | D        | Found a shimmering altar of Xom.
  1538 | D        | Found a corrupted altar of Lugonu.
  1640 | D        | Reached * piety under Vehumet
  1640 | D        | Offered knowledge of Freeze by Vehumet.
  1641 | D        | Reached skill level 22 in Spellcasting
  1735 | D        | Noticed a centaur warrior
  1735 | D        | Noticed a centaur warrior
  1744 | D        | Shot with an arrow by a centaur warrior

Illustrated notes

Levels and vault maps discovered:
D:        dungeon_sprint_1 [red_sonja_temple_1, red_sonja_temple_small_1]

Skill      XL: |  1  2  3  4  5  6  7  8  9 10 |
---------------+-------------------------------+-----
Spellcasting   | 6 9 11 15 16 18 21 22 | 22.4
Earth Magic    | 5 7 10 13 14 15 18 19 | 19.3
Dodging        | |  2.4
Stealth        | |  2.4
Transmutations | |  1.1

Action                     |  1- 3 |  4- 6 |  7- 9 | 10-12 || total
---------------------------+-------+-------+-------+-------++-------
  Melee: Unarmed           |    15 |       |       |       ||    15
         Club              |       |       |       |    17 ||    17
   Cast: Sandblast         |     3 |     5 |       |     1 ||     9
         Passwall          |     2 |       |       |       ||     2
         Stone Arrow       |       |     5 |    34 |    25 ||    64
         Petrify           |       |     2 |       |     4 ||     6
  Evoke: Wand              |       |       |       |     3 ||     3
    Use: Potion            |     2 |       |       |       ||     2
         Scroll            |     1 |       |       |       ||     1
  Dodge: Dodged            |     5 |     1 |       |     1 ||     7
